 Dungeon Crawl Stone Soup version 0.21.1-1-g345015f (webtiles) character file.

142 inc the Vexing (level 5, 21/21 HPs)
             Began as a Felid Enchanter on Mar 15, 2018.
             Quit the game on level 4 of the Dungeon.
             The game lasted 00:08:52 (4938 turns).

inc the Vexing (Felid Enchanter)                    Turns: 4938, Time: 00:08:53

Health: 21/21      AC:  2    Str:  3 (4)  XL:     5   Next: 4%
Magic:  10/10      EV: 17    Int: 17 (18) God:
Gold:   200        SH:  0    Dex: 14 (17) Spells: 4/10 levels left
                                        Lives:  0   Deaths: 1

rFire    . . .     SeeInvis +     - Unarmed
rCold    . . .     Gourm    .   (shield unavailable)
rNeg     . . .     Faith    .   (armour unavailable)
rPois    .         Spirit   .   (helmet unavailable)
rElec    .         Reflect  .   (cloak unavailable)
rCorr    .         Harm     .   (gloves unavailable)
MR       .....                  (boots unavailable)
Stlth    +++.......             (no amulet)
HPRegen  0.07/turn              (no ring)
MPRegen  0.12/turn              (no ring)

@: flying, hasted, very quick
A: very small, no armour, no weapons or thrown items, stealth, claws 1, fangs 3,
see invisible, carnivore, speed 1, shaggy fur 2, slow metabolism 1, sharp paws
a: no special abilities


You were on level 4 of the Dungeon.
You were not hungry.

You visited 1 branch of the dungeon, and saw 4 of its levels.

You collected 200 gold pieces.

Inventory:

Jewellery
 l - an uncursed ring of protection from magic {unknown}
Wands
 j - a wand of disintegration (13)
Scrolls
 c - a scroll of immolation {unknown}
 d - 3 scrolls of blinking {unknown}
 e - 8 scrolls of identify {unknown}
 f - 3 scrolls of remove curse {unknown}
 g - a scroll of fog {unknown}
 h - a scroll of magic mapping {unknown}
 o - a scroll of teleportation {unknown}
Potions
 i - a potion of heal wounds
 k - 2 potions of degeneration
Books
 a - a book of Maledictions

   Spells                             Type                      Level
   a - Corona                         Hexes                        1
   b - Ensorcelled Hibernation        Hexes/Ice                    2
   c - Confuse                        Hexes                        3
   d - Tukima's Dance                 Hexes                        3
   e - Dazzling Spray                 Conjuration/Hexes            3
Comestibles
 b - 9 rations


   Skills:
 - Level 2.6 Dodging
 - Level 4.0 Stealth
 - Level 4.0 Unarmed Combat
 + Level 3.3 Spellcasting
 - Level 5.6 Hexes
 - Level 1.9 Ice Magic


You had 4 spell levels left.
You knew the following spells:

 Your Spells              Type           Power        Failure   Level  Hunger
a - Corona                Hex            ###....      1%          1    None
b - Ensorcelled Hibernat  Hex/Ice        ###...       5%          2    ##.....
c - Confuse               Hex            ###.....     4%          3    ###....


Dungeon Overview and Level Annotations

Branches:
Dungeon (4/15)
 Temple: D:4-7

Altars:
Cheibriados
Fedhas
Nemelex Xobeh
Qazlal
Xom


Innate Abilities, Weirdness & Mutations

You cannot wear armour.
You are incapable of wielding weapons or throwing items.
Your paws allow you to move quietly. (Stealth)
You have sharp claws.
You have razor-sharp teeth.
You have supernaturally acute eyesight. (SInv)
You are carnivorous and can eat meat at any time.
You cover ground quickly.
You are covered in thick fur. (AC +2)
You have a slow metabolism.
Your sharp claws are effective at attacking unaware monsters.


Message History

Welcome back, inc the Felid Enchanter.
Press ? for a list of commands and other information.
d - 3 scrolls labeled HAHUAH EGGEGEI (gained 1)
You found a teleport trap!
Are you sure you want to abandon this character and quit the game? (Confirm with "yes".)
Okay, then.
Your health is already full.
It was a potion of degeneration.
There was something very wrong with that liquid.
You feel weakened.
You feel dopey.
You feel clumsy. Why would you want to do that?
It was a potion of flight.
You feel very buoyant.
You fly up into the air.
It was a potion of haste.
You feel yourself speed up.
You can't grasp things well enough to throw them. (m)acro, (M)acro raw, keymap [(k) default, (x) level-map, (t)argeting, (c)onfirm, m(e)nu], (s)ave?
Aborting.
Okay, then.
Are you sure you want to abandon this character and quit the game? (Confirm with "yes".)

##
##......##.#####........#
##.....##.# #.########
#.....##.# #. ####.###.#
#. ###.###.#####.#
..............#
.##............
........#####.# ###.###@#
#. #^# # .$# .#.# #.### #


There were no monsters in sight!

Vanquished Creatures
  A bullfrog skeleton (D:3)
  A centaur skeleton (D:4)
  2 orc wizards
  Ijyb (D:3)
  6 adders
  3 oozes
  4 dart slugs (D:1)
  5 leopard geckos
  3 orcs
  3 ball pythons (D:2)
  6 bats
  2 giant cockroaches (D:3)
  3 hobgoblins
  12 kobolds
  3 quokkas (D:2)
  3 frilled lizards
  4 goblins
  A leopard gecko skeleton (D:4)
  8 rats
71 creatures vanquished.

Notes
Turn   | Place    | Note
-------+----------+-------------------------------------------
     0 | D:1      | inc the Felid Enchanter began the quest for the Orb.
     0 | D:1      | Reached XP level 1. HP: 7/7 MP: 4/4
   653 | D:1      | Reached XP level 2. HP: 9/11 MP: 4/6
   662 | D:1      | Learned a level 2 spell: Ensorcelled Hibernation
  1313 | D:1      | Reached XP level 3. HP: 14/14 MP: 3/7
  1367 | D:1      | Found a sparkling altar of Nemelex Xobeh.
  2564 | D:2      | Found a stormy altar of Qazlal.
  2583 | D:2      | Found a shimmering altar of Xom.
  2629 | D:2      | Reached XP level 4. HP: 18/18 MP: 3/8
  2666 | D:2      | Found a snail-covered altar of Cheibriados.
  2744 | D:2      | Found a blossoming altar of Fedhas.
  3218 | D:3      | Reached skill level 5 in Hexes
  3218 | D:3      | Reached skill level 1 in Ice Magic
  3224 | D:3      | Learned a level 3 spell: Confuse
  3497 | D:3      | Reached XP level 5. HP: 21/21 MP: 9/9
  4091 | D:3      | Noticed Ijyb
  4104 | D:3      | Killed Ijyb
  4906 | D:4      | Gained mutation: You are covered in thick fur. (AC +2) [Felid growth]
  4906 | D:4      | Reached XP level 6. HP: 15/24 MP: 1/11
  4914 | D:4      | Killed from afar by an orc wizard
  4915 | D:4      | Reached XP level 5. HP: -1/21 MP: 2/10
  4938 | D:4      | Quit the game

Skill      XL: |  1  2  3  4  5 |
---------------+----------------+-----
Unarmed Combat | 2 3 4 |  4.0
Hexes          | 5 |  5.6
Ice Magic      | 1 |  1.9
Spellcasting   | 3 |  3.3
Dodging        | |  2.6
Stealth        | |  4.0

Action                   |  1- 3 |  4- 6 || total
-------------------------+-------+-------++-------
Melee: Unarmed           |    86 |    90 ||   176
       Bite              |     3 |     6 ||     9
       Punch             |     1 |     2 ||     3
 Cast: Corona            |     5 |     2 ||     7
       Ensorcelled Hiber |    31 |    31 ||    62
       Confuse           |       |     4 ||     4
  Use: Potion            |       |     6 ||     6
 Stab: Sleeping          |    27 |    25 ||    52
       Confused          |       |     2 ||     2
  Eat: Chunk             |     6 |    12 ||    18
Armor: Skin              |     4 |     3 ||     7
Dodge: Dodged            |    77 |    68 ||   145
